 Dungeon Crawl Stone Soup version 0.30-a0-122-g2a1322497e (webtiles) character file.

Game seed: 12721510207383603249

122 droid the Covered (level 4, -3/41 HPs)
             Began as a Minotaur Fighter on Sept 16, 2022.
             Slain by a gnoll
             ... wielding a +0 spear
              (6 damage)
             ... on level 3 of the Dungeon.
             The game lasted 00:01:00 (1753 turns).

droid the Covered (Minotaur Fighter)                Turns: 1753, Time: 00:01:00

Health: -3/41      AC:  7    Str: 22    XL:     4   Next: 78%
Magic:  3/3        EV:  9    Int:  5    God:
Gold:   84         SH:  4    Dex: 10    Spells: 3/3 levels left

rFire   . . .      SeeInvis .    a - +0 war axe
rCold   . . .      Faith    .    c - +0 buckler
rNeg    . . .      Spirit   .    b - +0 scale mail
rPois   .          Reflect  .    (helmet restricted)
rElec   .          Harm     .    (no cloak)
rCorr   .          Rampage  .    (no gloves)
Will    .....                    (no boots)
Stlth   ..........               (no amulet)
HPRegen 0.13/turn                (no ring)
MPRegen 0.08/turn                (no ring)

@: mighty
A: horns 2, retaliatory headbutt
a: no special abilities


You were on level 3 of the Dungeon.
You visited 1 branch of the dungeon, and saw 3 of its levels.

You collected 84 gold pieces.

Inventory:

Hand Weapons
 a - a +0 war axe (weapon)
Armour
 b - a +0 scale mail (worn)
 c - a +0 buckler (worn)
Jewellery
 f - a ring of protection from cold
Scrolls
 g - a scroll of fear {unknown}
 i - 3 scrolls of teleportation {unknown}
 l - a scroll of enchant armour {unknown}
Potions
 e - a potion of curing {unknown}
 h - 2 potions of degeneration {unknown}
 j - a potion of flight {unknown}
 k - a potion of cancellation {unknown}
 m - a potion of mutation {unknown}
 n - a potion of heal wounds {unknown}


   Skills:
 + Level 4.4 Fighting
 + Level 4.1 Axes
 + Level 4.7 Armour
 + Level 1.1 Dodging
 + Level 3.8 Shields


You had 3 spell levels left.
You didn't know any spells.
Your spell library contained the following spells:

 Spells                   Type           Power      Damage    Failure   Level
 Magic Dart               Conj           0%         1d3       87%         1
 Call Imp                 Summ           0%         N/A       95%         2
 Mephitic Cloud           Conj/Pois/Air  0%         N/A       99%         3


Dungeon Overview and Level Annotations

Branches:
Dungeon (3/15)

Altars:


Innate Abilities, Weirdness & Mutations

You have a pair of horns on your head.
You reflexively headbutt those who attack you in melee.


Message History

The gnoll hits you with a +0 spear. The gnoll barely misses you.
There are monsters nearby!
You closely miss the gnoll. Your headbutt misses the gnoll. You hit the gnoll.
You block the gnoll's attack. The gnoll closely misses you.
The gnoll barely misses you.
The gnoll hits you from afar with a +0 halberd.
The gnoll hits you from afar with a +0 spear!
The gnoll barely misses you. You furiously retaliate!
You headbutt the gnoll, but do no damage.
The gnoll closely misses you. You furiously retaliate!
You headbutt the gnoll! The gnoll attacks as you move away!
The gnoll barely misses you. The gnoll hits you but does no damage.
You block the gnoll's attack.
You feel very mighty all of a sudden. The gnoll hits you but does no damage.
You are too injured to fight recklessly!
You are too injured to fight recklessly!
You are too injured to fight recklessly!
You block the gnoll's attack.
The gnoll drinks a potion.
The gnoll suddenly seems more resistant.
The gnoll barely misses you.
You barely miss the gnoll. You headbutt the gnoll.
You kill the gnoll!
The gnoll hits you but does no damage.
The gnoll hits you from afar with a +0 halberd.
The gnoll hits you with a +0 halberd. The gnoll hits you with a +0 spear.
* * * LOW HITPOINT WARNING * * *
The gnoll misses you.
Things that are here:
a +0 halberd; a gnoll corpse You slash the gnoll!
You kill the gnoll!
You closely miss the gnoll. The gnoll hits you with a +0 spear.
* * * LOW HITPOINT WARNING * * *
The gnoll hits you from afar with a +0 spear.
* * * LOW HITPOINT WARNING * * *
Your Axes skill increases to level 4!
You slash the gnoll!
The gnoll is almost dead.
The gnoll hits you with a +0 spear.
You die...

..# ..## ... ..# ###
..# # #.. ..# #
#.#.# ##..#..#
#.#.### #####gg...#
#.....####...@)#.###
#........####....#
#.....#### ....#
######..##.# ....#
..#.....##.# ....#
....##.###.# ....#
..###..# #.# ....#
..# #.## #.# ..# ##
###


You could see 2 gnolls.

Vanquished Creatures
  2 gnolls (D:3)
  6 adders
  A worm (D:2)
  6 endoplasms
  A giant cockroach (D:2)
  4 goblins
  3 hobgoblins (D:2)
  6 jackals
  2 quokkas (D:2)
  3 ball pythons (D:2)
  4 bats
  5 frilled lizards (D:2)
  A kobold (D:2)
  4 rats (D:2)
48 creatures vanquished.

Notes
Turn   | Place    | Note
-------+----------+-------------------------------------------
     0 | D:1      | droid the Minotaur Fighter began the quest for the Orb.
     0 | D:1      | Reached XP level 1. HP: 19/19 MP: 0/0
    73 | D:1      | You fall into a shaft and drop 1 floor!
   253 | D:2      | Reached XP level 2. HP: 22/27 MP: 1/1
   647 | D:2      | Reached XP level 3. HP: 29/33 MP: 2/2
  1076 | D:2      | Reached XP level 4. HP: 33/40 MP: 3/3
  1583 | D:3      | Reached skill level 1 in Dodging
  1753 | D:3      | Slain by a gnoll

Illustrated notes

Levels and vault maps discovered:
D:1:      nicolae_arrival_washed_ashore, layout_basic, basic_ecumenical_altar
D:2:      minmay_razor_zed, layout_basic
D:3:      layout_rooms

Skill      XL: |  1  2  3  4 |
---------------+-------------+-----
Armour         | 4 |  4.7
Fighting       | 4 |  4.4
Axes           | 3 4 |  4.1
Dodging        | 1 |  1.1
Shields        | |  3.8

Action                   |  1- 3 |  4- 6 || total
-------------------------+-------+-------++-------
Melee: War axe           |    76 |    24 ||   100
       Headbutt          |    11 |     3 ||    14
  Use: Potion            |       |     1 ||     1
Armor: Scale mail        |    34 |    10 ||    44
Dodge: Dodged            |    38 |    21 ||    59
Block: Buckler           |    16 |     8 ||    24

Table legend: (Time is in decaauts)
 A = Elapsed time spent in this place.
 B = Non-inter-level travel time spent in this place.
 C = Inter-level travel time spent in this place.
 D = Time resting spent in this place.
 E = Time spent auto-exploring this place.
 F = Levels seen in this place.
 G = Mean time per level.
                   A        B        C        D        E       F      G
               +--------+--------+--------+--------+--------+-----+--------+
         Total |   1790 |   1749 |     41 |      0 |   1494 |   3 |  596.7 |
       Dungeon |   1790 |   1749 |     41 |      0 |   1494 |   3 |  596.7 |
               +--------+--------+--------+--------+--------+-----+--------+

Top non-repeatable levels by time:
     D:2: 1490 daAuts
     D:3: 224 daAuts
     D:1: 75 daAuts
